 Dungeon Crawl Stone Soup version 0.30.1-11-g7821555f0a (webtiles) character file.

Game seed: 3575201144076550855

5056 ChrisAssaf the Insei (level 10, -9/71 HPs)
             Began as a Human Transmuter on Dec 26, 2023.
             Was an Elder of Nemelex Xobeh.
             Mangled by a shadow (32 damage)
             ... on level 9 of the Dungeon.
             The game lasted 00:42:30 (8280 turns).

ChrisAssaf the Insei (Human Transmuter)             Turns: 8280, Time: 00:42:31

Health: -9/71      AC:  6    Str: 13    XL:     10   Next: 86%
Magic:  16/16      EV: 12    Int: 13    God:    Nemelex Xobeh [****..]
Gold:   450        SH:  0    Dex: 11    Spells: 5/17 levels left

rFire   + . .        A - +3 quick blade of the Slashing Stork {elec, *Slow rN+++ rCorr Dex-3}
rCold   x x .        (no shield)
rNeg    + + +        h - +3 ring mail
rPois   .            (no helmet)
rElec   .            (no cloak)
rCorr   +            (no gloves)
SInv    .            (no boots)
Will    .....        t - amulet of regeneration
Stlth   ++           s - ring of fire
HPRegen 1.11/turn    (no ring)
MPRegen 0.15/turn

%: slow self (1%)
@: lethally poisoned (-9 -> -10), studying Short Blades, unable to drink
A: deformed body, deterioration 1, dopey 1, cold vulnerability 1, inability to
drink after injury 1
a: Renounce Religion, Draw Escape, Draw Destruction, Draw Summoning, Triple
Draw, Deal Four


You were on level 9 of the Dungeon.
You worshipped Nemelex Xobeh.
Nemelex Xobeh was greatly pleased with you.
You visited 1 branch of the dungeon, and saw 9 of its levels.

You collected 450 gold pieces.

Inventory:

Hand Weapons
 A - the +3 quick blade of the Slashing Stork (weapon) {elec, *Slow rN+++ rCorr Dex-3}
   (You acquired it on level 7 of the Dungeon)

   Dex:       It affects your dexterity (-3).
   rN:        It renders you almost immune to negative energy.
   rCorr:     It protects you from acid and corrosion.
   *Slow:     It may slow you when you take damage.
Missiles
 q - 2 atropa-tipped darts
 x - 3 boomerangs (quivered)
Armour
 a - a +1 robe
 h - a +3 ring mail (worn)
Jewellery
 d - an amulet of reflection
 s - a ring of fire (left hand)
 t - an amulet of regeneration (around neck)
Wands
 b - a wand of mindburst (7)
 r - a wand of flame (28)
 u - a wand of iceblast (6)
Scrolls
 c - a scroll of torment
 j - 2 scrolls of fog
 k - a scroll of immolation
 w - 3 scrolls of teleportation
 y - a scroll of vulnerability
Potions
 e - a potion of degeneration {unknown}
 f - 3 potions of invisibility
 g - 3 potions of berserk rage
 i - 2 potions of curing {unknown}
 l - a potion of attraction {unknown}
 n - 3 potions of flight
 o - 3 potions of brilliance
 p - a potion of lignification
 z - a potion of magic {unknown}


   Skills:
 * Level 4.0 Fighting
 * Level 4.8 Short Blades
 * Level 4.0 Throwing
 * Level 4.3 Armour
 * Level 4.9 Dodging
 * Level 4.4 Stealth
 + Level 1.2 Shields
 * Level 5.1 Unarmed Combat
 * Level 4.1 Spellcasting
 * Level 1.4 Hexes
 * Level 4.8 Transmutations
 * Level 4.1 Ice Magic
 * Level 1.2 Earth Magic
 * Level 3.6 Poison Magic
 * Level 4.1 Invocations
 * Level 3.1 Evocations


You had 5 spell levels left.
You knew the following spells:

 Your Spells              Type           Power      Damage    Failure   Level
a - Beastly Appendage     Tmut           30%        N/A       5%          1
b - Ensorcelled Hibernat  Hex/Ice        18%        N/A       21%         2
c - Spider Form           Tmut/Pois      13%        N/A       22%         3
d - Ice Form              Ice/Tmut       14%        N/A       54%         4
e - Passwall              Tmut/Erth      8%         N/A       19%         2

Your spell library contained the following spells:

 Spells                   Type           Power      Damage    Failure   Level
 Wereblood                Tmut           15%        N/A       9%          2
 Swiftness                Air            2%         N/A       77%         3
 Summon Ice Beast         Ice/Summ       8%         N/A       86%         4
 Summon Mana Viper        Hex/Summ       4%         N/A       100%        5
 Monstrous Menagerie      Summ           1%         N/A       100%        7


Dungeon Overview and Level Annotations

Branches:
Dungeon (9/15)             Temple (0/1) D:4
   Lair: D:8-11         Orc: D:9-12

Altars:
Fedhas
Nemelex Xobeh
Qazlal
Sif Muna
Trog
The Shining One


Innate Abilities, Weirdness & Mutations

Armour fits poorly on your strangely shaped body.
Your body sometimes deteriorates upon taking damage.
You are dopey. (Int -2)
You are vulnerable to cold. (rC-)
You occasionally lose the ability to drink potions when taking damage.


Message History

The hornet is almost dead.
You feel yourself speed up. The hornet stings you!
You are poisoned.
You feel yourself slow down.
You hit the hornet but do no damage. Lightning courses through the hornet!
You kill the hornet!
You feel yourself speed up.
You feel sick.
You feel your intelligence returning.
You feel sick.
You see here a hornet corpse.
You feel sick.
You feel sick.
The shadow strikes at you from the darkness!
Reactivating autopickup.
You feel sick.
The shadow slips into darkness.
The shadow flickers and vanishes!
Deactivating autopickup; reactivate with Ctrl-A.
You hit something but do no damage. Lightning courses through something!
You feel sick.
The shadow strikes at you from the darkness!
Reactivating autopickup.
You hit the shadow but do no damage.
The shadow is heavily damaged.
You hit the shadow but do no damage.
The shadow is heavily damaged.
You hit the shadow. Your punch misses the shadow.
The shadow is severely damaged.
You feel sick.
The shadow slips into darkness.
The shadow flickers and vanishes!
Deactivating autopickup; reactivate with Ctrl-A.
You closely miss something. You hit something.
You feel sick.
The shadow strikes at you from the darkness!
You feel threatened and lose the ability to drink potions!
You die...
Your body glows with a rainbow of weird colours and disappears.

##..# #...# ####..##
###....## ##...##.#
#.#####.## ##.##
##.#####..
#..†#####........
#.#..@##........#
..####{...####..##
.....####.†.# .##
#.............## ....
###............###....
###...###........#
#...#........##
##............#
...###......###


There were no monsters in sight!

Vanquished Creatures
  Joseph (D:7)
  A hornet (D:9)
  A blink frog (D:3)
  Sigmund (D:5)
  5 yaks (D:8)
  A water moccasin (D:6)
  3 orc warriors
  A black bear (D:6)
  2 sky beasts (D:7)
  2 centaurs (D:8)
  2 ogres
  A phantom (D:6)
  2 bullfrogs
  3 wights
  5 killer bees (D:7)
  5 howler monkeys
  4 orc priests
  A hound (D:6)
  3 jellies
  6 orc wizards
  4 iguanas
  2 scorpion simulacra (D:3)
  A gnoll (D:1)
  3 adders
  A hound simulacrum (D:3)
  A white imp (D:7)
  3 ufetubi (D:5)
  3 dart slugs
  28 orcs
  8 endoplasms
  4 giant cockroaches
  8 goblins
  11 hobgoblins
  6 quokkas
  4 ball pythons
  6 bats
  4 frilled lizards
  A giant cockroach simulacrum (D:3)
  6 kobolds
  6 rats
160 creatures vanquished.

Vanquished Creatures (collateral kills)
  Pikel (D:7)
  The ghost of bruhthrowaway the Vexing, an amateur GnHs of Xom (D:3)
  A kobold brigand (D:7)
  5 wights
  Crazy Yiuf (D:7)
  A scorpion simulacrum (D:3)
  A white imp (D:3)
  2 kobolds (D:7)
13 creatures vanquished.

Grand Total: 173 creatures vanquished

Notes
Turn   | Place    | Note
-------+----------+-------------------------------------------
     0 | D:1      | ChrisAssaf the Human Transmuter began the quest for the
                  | Orb.
     0 | D:1      | Reached XP level 1. HP: 15/15 MP: 3/3
    28 | D:1      | Reached XP level 2. HP: 8/21 MP: 3/5
    49 | D:1      | Learned a level 2 spell: Wereblood
   167 | D:1      | Found a faded altar of an unknown god.
   188 | D:1      | Prayed at the altar of an unknown god.
   188 | D:1      | Became a worshipper of Nemelex Xobeh the Trickster
   188 | D:1      | Reached * piety under Nemelex Xobeh
   294 | D:1      | Reached XP level 3. HP: 22/26 MP: 3/6
   298 | D:1      | Learned a level 3 spell: Spider Form
   752 | D:1      | Received a gift from Nemelex Xobeh
  1144 | D:2      | Reached XP level 4. HP: 29/32 MP: 3/7
  1390 | D:2      | Reached ** piety under Nemelex Xobeh
  1466 | D:2      | Received a gift from Nemelex Xobeh
  2373 | D:3      | Reached skill level 1 in Armour
  2384 | D:3      | Noticed a black bear
  2397 | D:3      | a black bear changed into a blink frog
  2397 | D:3      | Noticed a blink frog
  2407 | D:3      | Killed a blink frog
  2408 | D:3      | Reached skill level 1 in Short Blades
  2408 | D:3      | Reached skill level 1 in Stealth
  2408 | D:3      | Reached skill level 1 in Poison Magic
  2408 | D:3      | Reached skill level 1 in Invocations
  2408 | D:3      | Reached XP level 5. HP: 20/38 MP: 1/9
  2408 | D:3      | Reached XP level 6. HP: 24/44 MP: 1/10
  2487 | D:3      | Learned a level 4 spell: Ice Form
  2604 | D:3      | Noticed bruhthrowaway's ghost (amateur GnHs)
  2774 | D:3      | Identified the +6 flail of Gloom {heavy, rF+}
  2791 | D:3      | Found a runed translucent gate.
  2791 | D:3      | Found a runed translucent gate.
  2791 | D:3      | Found a runed translucent gate.
  3503 | D:4      | Found a bloodstained altar of Trog.
  3617 | D:4      | Received a gift from Nemelex Xobeh
  3968 | D:4      | Gained mutation: You occasionally shout uncontrollably at
                  | your foes. [potion of mutation]
  3968 | D:4      | Gained mutation: You occasionally lose the ability to drink
                  | potions when taking damage. [potion of mutation]
  3968 | D:4      | Gained mutation: You have sharp toenails. [potion of
                  | mutation]
  3969 | D:4      | Lost mutation: You occasionally shout uncontrollably at
                  | your foes. [potion of mutation]
  3969 | D:4      | Lost mutation: You have sharp toenails. [potion of
                  | mutation]
  3969 | D:4      | Gained mutation: You have hidden genetic defects. [potion
                  | of mutation]
  3969 | D:4      | Gained mutation: You have terrible hidden genetic defects.
                  | [potion of mutation]
  4002 | D:4      | Reached skill level 1 in Ice Magic
  4002 | D:4      | Reached XP level 7. HP: 48/50 MP: 7/11
  4033 | D:4      | Reached *** piety under Nemelex Xobeh
  4092 | D:4      | Found a staircase to the Ecumenical Temple.
  4202 | D:4      | Gained mutation: Armour fits poorly on your strangely
                  | shaped body. [hidden defects]
  4471 | D:4      | Found a shimmering blue altar of Sif Muna.
  4492 | D:4      | Received a gift from Nemelex Xobeh
  4596 | D:4      | Identified the +2 dagger of the Usurping Visionary {venom,
                  | rN+ MP+9 Dex-5}
  4808 | D:3      | Killed bruhthrowaway's ghost
  4826 | D:3      | Gained mutation: You are dopey. (Int -2) [hidden defects]
  4826 | D:3      | Lost mutation: You have terrible hidden genetic defects.
                  | [hidden defects expressed]
  4843 | D:3      | Reached skill level 1 in Shields
  4964 | D:5      | Entered Level 5 of the Dungeon
  4970 | D:5      | Noticed Sigmund
  4983 | D:5      | Killed Sigmund
  4984 | D:5      | Reached skill level 1 in Throwing
  4984 | D:5      | Reached skill level 4 in Unarmed Combat
  4984 | D:5      | Reached skill level 1 in Evocations
  4984 | D:5      | Reached XP level 8. HP: 57/57 MP: 12/12
  4995 | D:5      | Gained mutation: Your body sometimes deteriorates upon
                  | taking damage. [hidden defects]
  5147 | D:5      | Learned a level 2 spell: Passwall
  5314 | D:5      | Found a blossoming altar of Fedhas.
  5505 | D:6      | Gained mutation: You are vulnerable to cold. (rC-) [hidden
                  | defects]
  5505 | D:6      | Lost mutation: You have hidden genetic defects. [hidden
                  | defects expressed]
  5879 | D:6      | Reached XP level 9. HP: 57/62 MP: 13/13
  5911 | D:6      | Reached **** piety under Nemelex Xobeh
  6208 | D:6      | Found a stormy altar of Qazlal.
  6428 | D:7      | Noticed Joseph
  6450 | D:7      | Killed Joseph
  6497 | D:7      | Noticed Pikel
  6508 | D:7      | Killed Pikel
  6574 | D:7      | Found a runed translucent door.
  6575 | D:7      | Noticed Crazy Yiuf
  6583 | D:7      | Killed Crazy Yiuf
  6657 | D:7      | Identified a scroll of acquirement
  6658 | D:7      | Acquired the +3 quick blade of the Slashing Stork {elec,
                  | *Slow rN+++ rCorr Dex-3}
  6684 | D:7      | Reached XP level 10. HP: 67/70 MP: 15/15
  6907 | D:7      | Received a gift from Nemelex Xobeh
  7092 | D:7      | Learned a level 2 spell: Ensorcelled Hibernation
  7423 | D:8      | Reached skill level 5 in Unarmed Combat
  7430 | D:8      | Reached skill level 1 in Hexes
  7550 | D:8      | Found a glowing golden altar of the Shining One.
  7678 | D:8      | Reached skill level 1 in Earth Magic
  8174 | D:9      | Received a gift from Nemelex Xobeh
  8280 | D:9      | Mangled by a shadow

Illustrated notes

Levels and vault maps discovered:
D:1:      dpeg_arrival_arbitrary_b, layout_loops_ring,
          shapermc_ecumenical_altar_notcrosses
D:2:      layout_basic, kennysheep_generic_room_9
D:3:      layout_loops_ring, gammafunk_ghost_icy
D:4:      layout_loops_corners, bloody_trog, nicolae_sif_muna_little_library,
          minmay_temple_entry_statues_pillars, kennysheep_small_spiral,
          minmay_manual_maat
D:5:      layout_rooms, fedhas_altar_1, uniq_sigmund
D:6:      layout_basic, nicolae_qazlal_style_of_elements
D:7:      layout_gridville, uniq_joseph, uniq_pikel, uniq_crazy_yiuf_cottage
D:8:      layout_basic, mainiacjoe_overflow_tiny_flanked
D:9:      layout_layer_cave, okawaru_humans, tgw_kikubaaqudgha, uniq_erolcha

Skill      XL: |  1  2  3  4  5  6  7  8  9 10 |
---------------+-------------------------------+-----
Armour         | 1 2 3 4 |  4.3
Fighting       | 2 3 4 |  4.0
Short Blades   | 1 2 3 4 |  4.8
Stealth        | 1 2 3 4 |  4.4
Transmutations | 3 4 |  4.8
Poison Magic   | 1 2 3 |  3.6
Invocations    | 1 2 3 4 |  4.1
Spellcasting   | 3 4 |  4.1
Ice Magic      | 1 2 3 4 |  4.1
Shields        | 1 |  1.2
Throwing       | 1 2 4 |  4.0
Dodging        | 3 4 |  4.9
Unarmed Combat | 4 5 |  5.1
Evocations     | 1 2 3 |  3.1
Hexes          | 1 |  1.4
Earth Magic    | 1 |  1.2

Action                     |  1- 3 |  4- 6 |  7- 9 | 10-12 || total
---------------------------+-------+-------+-------+-------++-------
  Melee: Unarmed           |    15 |    32 |    26 |     8 ||    81
         Kick              |     4 |     5 |     2 |     1 ||    12
         Headbutt          |     5 |     2 |     1 |       ||     8
         Dagger            |    41 |    53 |    55 |       ||   149
         Punch             |       |     1 |     1 |     8 ||    10
         Quick blade       |       |       |     2 |   132 ||   134
  Throw: Boomerang         |       |       |    32 |    22 ||    54
   Cast: Beastly Appendage |    14 |     7 |     2 |     1 ||    24
         Wereblood         |     2 |     5 |     3 |     1 ||    11
         Spider Form       |       |    14 |     6 |     2 ||    22
         Ensorcelled Hiber |       |       |       |     6 ||     6
 Invoke: Draw Destruction  |       |     3 |    14 |     8 ||    25
         Draw Summoning    |       |     1 |     4 |     1 ||     6
         Draw Escape       |       |     1 |     1 |     3 ||     5
  Evoke: Wand              |       |       |     7 |     6 ||    13
    Use: Scroll            |     5 |     5 |     7 |     7 ||    24
         Potion            |     1 |     3 |     2 |       ||     6
   Stab: Sleeping          |     2 |     6 |     5 |     1 ||    14
         Petrified         |       |       |     1 |       ||     1
 Armour: Skin              |     4 |     6 |     5 |     1 ||    16
         Robe              |    16 |    14 |     9 |       ||    39
         Ring mail         |       |       |     4 |    30 ||    34
  Dodge: Dodged            |    28 |    74 |   138 |   110 ||   350
  Block: Other             |     4 |    27 |     7 |       ||    38
         Reflection        |     1 |       |       |       ||     1
